 Dungeon Sprint DCSS version 0.30-a0-852-g08b95dd62f (webtiles) character file.

Game seed: 13706452307195654250

597 dialectric the Fighter (level 7, -1/52 HPs)
             Began as a Gargoyle Fighter on Mar 5, 2023.
             Was an Initiate of Trog.
             Slain by a tentacle (23 damage)
             ... attached to a kraken
             ... in the Dungeon (Sprint II: "The Violet Keep of Menkaure").
             The game lasted 00:00:51 (205 turns).

dialectric the Fighter (Gargoyle Fighter)            Turns: 205, Time: 00:00:52

Health: -1/52      AC: 13    Str: 19    XL:     7   Next: 40%
Magic:  7/7        EV: 12    Int:  9    God:    Trog [......]
Gold:   243        SH:  0    Dex: 11    Spells: 6/6 levels left

rFire   . . .      SeeInvis .    a - +0 long sword
rCold   . . .      Faith    .    (no shield)
rNeg    + . .      Spirit   .    b - +0 scale mail
rPois   ∞          Reflect  .    (no helmet)
rElec   +          Rampage  .    (no cloak)
rCorr   .          NoTele   +    (no gloves)
Will    .....                    (no boots) Stlth
                                 (no amulet)
HPRegen 0.28/turn                (no ring)
MPRegen 0.10/turn                (no ring)

@: no status effects
A: sickness immunity, AC +4, negative energy resistance 1, electricity
resistance, torment resistance 1, petrification resistance
a: Renounce Religion


You were in the Dungeon.
You worshipped Trog.
Trog was noncommittal.
You visited 1 branch You collected 243 gold pieces.

Inventory:

Hand Weapons
 a - a +0 long sword (weapon)
Armour
 b - a +0 scale mail (worn)
 c - a +0 buckler
Potions
 f - a potion of heal wounds
 g - a potion of haste
 h - 2 potions of magic
 i - a potion of berserk rage


   Skills:
 + Level 9.8 Fighting
 + Level 7.2 Long Blades
 + Level 8.8 Armour
 * Level 6.2 Dodging
 - Level 3.2 Shields


You had 6 spell levels left.
You didn't know any spells.
Your spell library was empty.

Dungeon Overview and Level Annotations

Branches:
Dungeon (1/1)

Altars:
Cheibriados
Dithmenos
Elyvilon
Fedhas
Gozag
Hepliaklqana
Kikubaaqudgha
Makhleb
Nemelex Xobeh
Okawaru
Qazlal
Ru
Sif Muna
Trog
Uskayaw
Vehumet
Wu Jian
Xom
Yredelemnul
Zin
The Shining One
Jiyva
Lugonu


Innate Abilities, Weirdness & Mutations

You are immune to sickness and miasma.
Your stone body is resilient. (AC +4)
You are immune to poison.
You resist negative energy. (rN+)
You are resistant to electric shocks. (rElec)
You are resistant to unholy torment.
You are immune to petrification.


Message History

Found 9 gold pieces and a scale mail.
The water moccasin hisses angrily.
Found a potion of curing.
The water moccasin hisses angrily.
There is a bloodstained altar of Trog here.
You kneel at the altar of Trog.
Trog welcomes you!
Unknown command.
Press < or > to pray at altars.
There is a hide-covered altar of Uskayaw here.
There is a sparkling altar of Nemelex Xobeh here.
There is an iron altar of Okawaru here.
There is an open door here.
You enter the shallow water.
Moving in this stuff is going to be slow.
Found a scroll labelled ROTYUD AWIAF and a ring mail.
Found twelve items.
Found six items.
Found five items.
You start resting.
The walls and floor vibrate strangely for a moment.
You start resting.
The walls and floor vibrate strangely for a moment.
Blink to where?
Press: ? - help, Dir - move target A kraken comes into view.
As you read the scroll of blinking, it crumbles to dust.
Tentacles burst out of the water! 3 tentacles come into view.
You open the door. The tentacle slaps you!
Found eight items.
The tentacle closely misses you. The tentacle slaps you.
There is an open door here.
Found seven items.
The tentacle misses you. The tentacle slaps you.
You see here a potion of curing.
You see here 15 gold pieces.
Found a runed shortbow, a runed sling and a scorched great mace.
The tentacle closely misses you.
You see here 9 gold pieces.
Found four items.
The tentacle slaps you!!
You die...

○°▓▓▓▓▓▓▓▓▓▓
○.▓§§≈≈≈≈§§▓▓
○)▓▓▓▓▓▓▓▓▓▓▓
=°▓$=)($?!!▓▓
[)▓$(?!!!??▓▓ # +.###
:)▓?:[!$!!:▓▓ # ...#
#▓!?$![[[[▓▓ ## #..#
#▓[$?$@[?[▓▓ .# +..#
#▓!?=w$$!$▓▓ .# #..#
#▓(!!$\[$$▓▓
.####..####▓??[?=\!=▓▓
...###...##▓▓▓▓▓▓▓\▓▓▓▓+▓
.....~~~~~~~~~~~~~.\wX≈≈▓
.....~#'########+###Vww≈▓
~~~..~#_._.....#S~§##≈≈≈▓
~~~~.~#._._....#S§≈§ ###▓


You could see a kraken and 4 tentacles.

Vanquished Creatures
  2 wyverns (D)
  4 necrophages (D)
  2 worms (D)
8 creatures vanquished.

Vanquished Creatures (others)
  A water moccasin (D)
1 creature vanquished.

Grand Total: 9 creatures vanquished

Notes
Turn   | Place    | Note
-------+----------+-------------------------------------------
     0 | D        | dialectric the Gargoyle Fighter began the quest for the
                  | Orb.
     0 | D        | Reached XP level 1. HP: 14/14 MP: 1/1
    13 | D        | Reached skill level 1 in Dodging
    15 | D        | Reached skill level 4 in Fighting
    15 | D        | Reached XP level 2. HP: 18/20 MP: 2/2
    16 | D        | Noticed a boulder beetle
    16 | D        | Noticed a boulder beetle
    19 | D        | Noticed a necrophage
    19 | D        | Noticed a necrophage
    19 | D        | Noticed a necrophage
    19 | D        | Noticed a necrophage
    24 | D        | Killed a necrophage
    25 | D        | Reached skill level 5 in Fighting
    25 | D        | Reached skill level 5 in Armour
    25 | D        | Reached XP level 3. HP: 27/27 MP: 3/3
    25 | D        | Reached XP level 4. HP: 32/32 MP: 4/4
    27 | D        | Killed a necrophage
    28 | D        | Reached skill level 6 in Fighting
    28 | D        | Reached XP level 5. HP: 37/37 MP: 5/5
    36 | D        | Reached skill level 7 in Fighting
    40 | D        | Reached skill level 8 in Fighting
    40 | D        | Reached skill level 5 in Long Blades
    40 | D        | Reached XP level 6. HP: 30/44 MP: 6/6
    46 | D        | Noticed a wyvern
    46 | D        | Noticed a wyvern
    49 | D        | Killed a wyvern
    50 | D        | Reached skill level 9 in Fighting
    50 | D        | Reached skill level 5 in Dodging
    55 | D        | Killed a wyvern
    56 | D        | Reached XP level 7. HP: 19/52 MP: 7/7
    64 | D        | Found an iron altar of Okawaru.
    64 | D        | Found a radiant altar of Vehumet.
    65 | D        | Found a sparkling altar of Nemelex Xobeh.
    65 | D        | Found a hide-covered altar of Uskayaw.
    65 | D        | Found a glowing silver altar of Zin.
    79 | D        | Found an opulent altar of Gozag.
    79 | D        | Found a burning altar of Makhleb.
    79 | D        | Found a bloodstained altar of Trog.
    80 | D        | Found a blossoming altar of Fedhas.
    80 | D        | Found a corrupted altar of Lugonu.
    80 | D        | Found a basalt altar of Yredelemnul.
    80 | D        | Found a shimmering blue altar of Sif Muna.
    81 | D        | Found a white marble altar of Elyvilon.
    81 | D        | Found an ancient bone altar of Kikubaaqudgha.
    82 | D        | Found a shadowy altar of Dithmenos.
    82 | D        | Found a viscous altar of Jiyva.
    83 | D        | Found a snail-covered altar of Cheibriados.
    85 | D        | Found a shimmering altar of Xom.
    85 | D        | Found a sacrificial altar of Ru.
    85 | D        | Found a hazy altar of Hepliaklqana.
    86 | D        | Found a glowing golden altar of the Shining One.
    86 | D        | Found an ornate altar of the Wu Jian Council.
    86 | D        | Found a stormy altar of Qazlal.
    92 | D        | Became a worshipper of Trog the Wrathful
   199 | D        | Noticed a kraken
   205 | D        | Slain by a tentacle

Illustrated notes

Levels and vault maps discovered:
D:        the_violet_keep_of_menkaure [sprint2_stairs_cluster_1,
          sprint2_shoproom, sprint2_temple, sprint2_basic_supplies,
          sprint2_obstacle_2, sprint2_obstacle_7, sprint2_obstacle_1,
          sprint2_obstacle_3, sprint2_obstacle_5, sprint2_timed_cluster_1,
          sprint2_smallroom_cluster_1, sprint2_smallroom_final_cluster_1,
          sprint2_transparent_cluster_1, sprint2_second_timed_cluster_1,
          sprint2_sniper_area_1, sprint2_heavy_combat_area_1,
          sprint2_mutation_trap_area_1, sprint2_forest_area_1,
          sprint2_light_combat_area_1, sprint2_behind_water_1,
          sprint2_near_end_vault_1]

Skill      XL: |  1  2  3  4  5  6 |
---------------+-------------------+-----
Long Blades    | 2 3 5 7 |  7.2
Dodging        | 1 2 3 4 6 |  6.2
Fighting       | 4 5 6 8 9 |  9.8
Armour         | 4 5 6 7 8 |  8.8
Shields        | |  3.2

Action                     |  1- 3 |  4- 6 |  7- 9 || total
---------------------------+-------+-------+-------++-------
  Melee: Long sword        |     8 |    23 |     9 ||    40
         Punch             |       |     1 |       ||     1
    Use: Potion            |     1 |     1 |       ||     2
         Scroll            |       |       |     1 ||     1
 Armour: Scale mail        |     3 |     7 |     5 ||    15
  Dodge: Dodged            |     1 |    11 |     8 ||    20

Table legend: (Time is in decaauts)
 A = Elapsed time spent in this place.
 B = Non-inter-level travel time spent in this place.
 C = Inter-level travel time spent in this place.
 D = Time resting spent in this place.
 E = Time spent auto-exploring this place.
 F = Levels seen in this place.
 G = Mean time per level.
                   A        B        C        D        E       F      G
               +--------+--------+--------+--------+--------+-----+--------+
         Total |    215 |    215 |      0 |     93 |      0 |   1 |  215.0 |
       Dungeon |    215 |    215 |      0 |     93 |      0 |   1 |  215.0 |
               +--------+--------+--------+--------+--------+-----+--------+

Top non-repeatable levels by time:
       D: 215 daAuts
